 Dungeon Crawl Stone Soup version 0.23-a0-550-g7de1f8e (webtiles) character file.

79 George the Charmwright (level 4, -1/38 HPs)
             Began as a Gnoll Skald on Dec 9, 2018.
             Slain by an iron imp (6 damage)
             ... summoned by Natasha
             ... on level 2 of the Dungeon.
             The game lasted 00:02:53 (1236 turns).

George the Charmwright (Gnoll Skald)                Turns: 1236, Time: 00:02:53

Health: -1/38      AC:  7    Str: 15    XL:     4   Next: 37%
Magic:  9/11       EV: 11    Int: 15    God:
Gold:   112        SH:  0    Dex: 14    Spells: 2/13 levels left

rFire    . . .     SeeInvis .   a - +0 falchion
rCold    + . .     Gourm    .   (no shield)
rNeg     . . .     Faith    .   m - +1 scale mail {rC+}
rPois    .         Spirit   .   (no helmet)
rElec    .         Reflect  .   (no cloak)
rCorr    .         Harm     +   (no gloves)
MR       .....                  (no boots)
Stlth    ..........             j - amulet of harm
HPRegen  0.12/turn              (no ring)
MPRegen  0.12/turn              (no ring)

@: infused
A: distributed training, fangs 1, strong nose
a: no special abilities


You were on level 2 of the Dungeon.
You were not hungry.

You visited 1 branch of the dungeon, and saw 2 of its levels.

You collected 112 gold pieces.

Inventory:

Hand Weapons
 a - a +0 falchion (weapon)
Armour
 b - a +0 leather armour
 m - a +1 scale mail of cold resistance (worn)
Jewellery
 j - an amulet of harm (around neck)
Scrolls
 e - a scroll of amnesia {unknown}
 f - 4 scrolls of remove curse {unknown}
 g - a scroll of teleportation {unknown}
 i - 2 scrolls of identify {unknown}
Potions
 c - a potion of mutation {unknown}
 h - 2 potions of haste {unknown}
 k - a potion of lignification {unknown}
 l - a potion of invisibility {unknown}
 o - a potion of curing {unknown}
Comestibles
 d - 4 rations


   Skills:
 + Level 4.6 Fighting
 + Level 1.1 Short Blades
 + Level 4.6 Long Blades
 + Level 1.1 Axes
 + Level 1.1 Maces & Flails
 + Level 1.1 Polearms
 + Level 1.1 Staves
 + Level 1.1 Slings
 + Level 1.1 Bows
 + Level 1.1 Crossbows
 + Level 1.1 Throwing
 + Level 2.7 Armour
 + Level 4.6 Dodging
 + Level 1.1 Stealth
 + Level 1.1 Shields
 + Level 1.1 Unarmed Combat
 + Level 5.0 Spellcasting
 + Level 0.8 Conjurations
 + Level 0.8 Hexes
 + Level 5.4 Charms
 + Level 0.8 Summonings
 + Level 0.8 Necromancy
 + Level 0.8 Translocations
 + Level 0.8 Transmutations
 + Level 0.8 Fire Magic
 + Level 0.8 Ice Magic
 + Level 0.8 Air Magic
 + Level 0.8 Earth Magic
 + Level 0.8 Poison Magic
 + Level 1.2 Invocations
 + Level 1.1 Evocations


You had 2 spell levels left.
You knew the following spells:

 Your Spells              Type           Power        Failure   Level  Hunger
a - Infusion              Chrm           ###.         6%          1    None
b - Song of Slaying       Chrm           ###.....     10%         2    ##.....
c - Shroud of Golubria    Chrm/Tloc      ##........   26%         2    ##.....
d - Regeneration          Chrm/Necr      ##........   45%         3    ###....
e - Spectral Weapon       Hex/Chrm       ##......     45%         3    ###....

Your spell library contained the following spells:

 Spells                   Type           Power        Failure   Level  Hunger


Dungeon Overview and Level Annotations

Branches:
Dungeon (2/15)

Altars:

Annotations:
D:2 Natasha


Innate Abilities, Weirdness & Mutations

Your experience applies equally to all skills.
You have very sharp teeth.
Your uncanny sense of smell can sniff out nearby items.


Message History

You hit the iron imp.
The iron imp is moderately wounded.
Natasha mumbles some strange words.
The iron imp closely misses you.
You barely miss the iron imp.
The iron imp is moderately wounded.
The iron imp lashes its tail.
The iron imp hits you!
* * * LOW HITPOINT WARNING * * *
The crimson imp blinks!
The crimson imp blinks!
All of the chunks of flesh in your inventory have rotted away.
Sorry, you're not good enough to have a special ability.
Casting: Infusion (safe; 6% risk of failure)
Confirm with . or Enter, or press ? or * to list all spells.
You begin infusing your attacks with magical energy.
You hit the iron imp.
The iron imp is heavily wounded.
The iron imp hits you.
You die...

... .. #.#### ..
###### #..### +###.
#....# #..##.
.5..#####....###..###
..................##
. #.# #......†####..#
.. #.###.#.....# ##.#
#. #.5@..#.....# #.##
∆ .. #h#####.#####
#..# #.####(#####.###
##.# #....#gh.......#
#.# #g.r.........#
###..
∆∆#.##.........#
#.... #. #.###.....#
#.... .. ..# #....(#
#.... ∆ .## ###
#.....# #....


You could see an iron imp and Natasha.

Vanquished Creatures
  Natasha (D:2)
  A worm (D:2)
  6 dart slugs
  A leopard gecko (D:1)
  An orc (D:2)
  5 bats
  4 giant cockroaches
  3 goblins (D:1)
  5 hobgoblins
  5 kobolds
  2 frilled lizards (D:1)
  A rat (D:2)
35 creatures vanquished.

Notes
Turn   | Place    | Note
-------+----------+-------------------------------------------
     0 | D:1      | George the Gnoll Skald began the quest for the Orb.
     0 | D:1      | Reached XP level 1. HP: 20/20 MP: 6/6
   248 | D:1      | Reached XP level 2. HP: 24/26 MP: 7/7
   521 | D:1      | Reached XP level 3. HP: 30/31 MP: 9/9
   522 | D:1      | Reached skill level 5 in Spellcasting
   737 | D:2      | Reached skill level 1 in Invocations
   936 | D:2      | Learned a level 2 spell: Song of Slaying
   939 | D:2      | Learned a level 2 spell: Shroud of Golubria
   943 | D:2      | Learned a level 3 spell: Regeneration
   947 | D:2      | Learned a level 3 spell: Spectral Weapon
   988 | D:2      | Noticed Natasha
   998 | D:2      | Killed Natasha
   998 | D:2      | Reached skill level 1 in Short Blades
   998 | D:2      | Reached skill level 1 in Axes
   998 | D:2      | Reached skill level 1 in Maces & Flails
   998 | D:2      | Reached skill level 1 in Polearms
   998 | D:2      | Reached skill level 1 in Staves
   998 | D:2      | Reached skill level 1 in Slings
   998 | D:2      | Reached skill level 1 in Bows
   998 | D:2      | Reached skill level 1 in Crossbows
   998 | D:2      | Reached skill level 1 in Throwing
   998 | D:2      | Reached skill level 1 in Stealth
   998 | D:2      | Reached skill level 1 in Shields
   998 | D:2      | Reached skill level 1 in Unarmed Combat
   998 | D:2      | Reached skill level 1 in Evocations
   998 | D:2      | Reached XP level 4. HP: 20/38 MP: 11/11
  1220 | D:2      | Noticed Natasha
  1236 | D:2      | Slain by an iron imp

Vault maps used:
D:1:      dpeg_arrival_simpleton_c, nrook_mini_backslash
D:2:      lemuel_doored_altar, first_ration, minmay_quantized, uniq_natasha

Skill      XL: |  1  2  3 |
---------------+----------+-----
Spellcasting   | 5 |  5.0
Invocations    | 1 |  1.2
Short Blades   | 1 |  1.1
Axes           | 1 |  1.1
Maces & Flails | 1 |  1.1
Polearms       | 1 |  1.1
Staves         | 1 |  1.1
Slings         | 1 |  1.1
Bows           | 1 |  1.1
Crossbows      | 1 |  1.1
Throwing       | 1 |  1.1
Stealth        | 1 |  1.1
Shields        | 1 |  1.1
Unarmed Combat | 1 |  1.1
Evocations     | 1 |  1.1
Fighting       | |  4.6
Long Blades    | |  4.6
Armour         | |  2.7
Dodging        | |  4.6
Conjurations   | |  0.8
Hexes          | |  0.8
Charms         | |  5.4
Summonings     | |  0.8
Necromancy     | |  0.8
Translocations | |  0.8
Transmutations | |  0.8
Fire Magic     | |  0.8
Ice Magic      | |  0.8
Air Magic      | |  0.8
Earth Magic    | |  0.8
Poison Magic   | |  0.8

Action                   |  1- 3 |  4- 6 || total
-------------------------+-------+-------++-------
Melee: Falchion          |   103 |     9 ||   112
       Bite              |    16 |     1 ||    17
 Cast: Infusion          |     1 |     1 ||     2
 Stab: Sleeping          |     2 |       ||     2
  Eat: Chunk             |       |     1 ||     1
Armor: Leather armour    |    23 |       ||    23
       Scale mail        |     2 |     2 ||     4
Dodge: Dodged            |    87 |     5 ||    92
       Rpst.: Falchion   |    26 |     1 ||    27

Table legend:
 A = Non-vault XP
 B = Vault XP
 C = Vault XP percentage of total XP
 D = Non-vault monster count
 E = Vault monster count
 F = Vault count percentage of total count
                 A         B        C        D         E       F
            +---------+---------+-------+---------+---------+-------
      Total |      78 |      35 |  31.0 |      34 |       1 |   2.9
            +---------+---------+-------+---------+---------+-------
        D:1 |      49 |       0 |   0.0 |      23 |       0 |   0.0
        D:2 |      29 |      35 |  54.7 |      11 |       1 |   8.3
            +---------+---------+-------+---------+---------+-------
